 Adventure DCSS version bcrawl-1.27.3 (webtiles) character file.

Game seed: 17171822800696257215

183396 galech the Chopper (level 7, 54/54 HPs)
             Began as a Demonspawn Fighter on July 31, 2020.
             Was a Follower of Okawaru.
             Quit the game on level 5 of the Dungeon.
             The game lasted 00:05:21 (4236 turns).

galech the Chopper (Demonspawn Fighter)             Turns: 4236, Time: 00:05:22

Health: 54/54      AC: 10    Str: 16    XL:     7   Next: 12%
Magic:  7/7        EV:  3    Int:  9    God:    Okawaru [*.....]
Gold:   263        SH:  9    Dex: 15    Spells: 6/6 levels left
                                        Lives:  1   Deaths: 1

rFire    . . .     SeeInvis +   a - +0 war axe
rCold    . . .     Gourm    .   c - +0 medium shield
rNeg     . . .     Faith    .   m - +1 chain mail {rPois}
rPois    +         Spirit   .   (helmet restricted)
rElec    .         Reflect  .   (no cloak)
rCorr    .         Harm     .   (no gloves)
MR       .....                  (no boots)
Stlth    ..........             (no amulet)
HPRegen  0.18/turn              r - ring of see invisible
MPRegen  0.10/turn              i - -2 ring of slaying (curse)

@: no status effects
A: antennae 1, claws 2, powered by pain 2
a: Heroism, Renounce Religion


You were on level 5 of the Dungeon.
You worshipped Okawaru.
Okawaru was aware of your devotion.
You were not hungry.

You visited 1 branch of the dungeon, and saw 5 of its levels.

You collected 263 gold pieces.

Inventory:

Hand Weapons
 a - a +0 war axe (weapon)
Armour
 c - a +0 medium shield (worn)
 m - a +1 chain mail of poison resistance (worn)
Jewellery
 i - a cursed -2 ring of slaying (right claw)
 r - a ring of see invisible (left claw)
Scrolls
 d - a scroll of fog {unknown}
 f - 2 scrolls of enchant armour
 g - 2 scrolls of fear
 n - a scroll of immolation {unknown}
 o - 8 scrolls of teleportation {unknown}
 p - a scroll of blinking
 q - 5 scrolls of remove curse
 t - 3 scrolls of amnesia
Potions
 h - a potion of haste {unknown}
 j - 2 potions of agility {unknown}
 k - 2 potions of flight {unknown}
 l - 4 potions of curing {unknown}
 s - a potion of berserk rage {unknown}
 u - a potion of cancellation {unknown}
 v - 2 potions of degeneration {unknown}
Comestibles
 b - 12 chunks of flesh
 e - 5 rations {!d}


   Skills:
 + Level 4.2 Fighting
 + Level 5.5 Axes
 + Level 4.2 Armour
 + Level 1.3 Dodging
 + Level 0.3 Stealth
 + Level 4.6 Shields


You had 6 spell levels left.
You didn't know any spells.
Your spell library was empty.

Dungeon Overview and Level Annotations

Branches:
Dungeon (5/12)
 Temple: D:4-7

Altars:
Cheibriados
Dithmenos
Okawaru
Qazlal
Sif Muna
Trog
Vehumet

Annotations:
D:3 1 runed door


Innate Abilities, Weirdness & Mutations

You have a pair of small antennae on your head.
You have very sharp fingernails.
You sometimes gain power by taking damage.


Message History

You see here a yak corpse.
You butcher the yak corpse.
b - 9 chunks of flesh (gained 6)
You see here a yak skeleton.
You see here a steam dragon corpse.
You butcher the steam dragon corpse.
b - 15 chunks of flesh (gained 6)
You see here a steam dragon skeleton.
i - a scratched brass ring Oops, that ring feels deathly cold.
i - a cursed -2 ring of slaying (right claw)
You start resting.
Some of the chunks of flesh in your inventory have rotted away.
You feel a little less mighty now.
HP restored.
You see here a ring mail.
o - 8 scrolls labeled TIAWON XOUKH (gained 3)
Found a stone staircase leading down.
Okay, then.
Are you sure you want to abandon this character and quit the game? (Confirm with "yes".)

#. #....#
............... #.
#....#
#.....#........###.##.
#....#
#..............[......
#....#
.....#.####..........
#....# >...# +..........
#....# ...# #.........#
#....# ..# #.........#
#.# #.........# #@#
#.........# ### #.#
#.........# ....###.####
#....รทรท...#
...........# #.........#
...........# #..[......#
...........# #.........#
####.......###.........#
#...................#
###################.#


There were no monsters in sight!

Vanquished Creatures
  Grinder (D:4)
  A yak (D:5)
  A steam dragon (D:5)
  A howler monkey (D:4)
  A gnoll shaman (D:5)
  2 orc wizards (D:4)
  A bullfrog skeleton (D:3)
  Natasha (twice) (D:3)
  4 gnolls (D:5)
  3 adders (D:3)
  An ooze (D:1)
  5 worms
  3 dart slugs
  2 leopard geckos
  8 orcs
  A ball python (D:2)
  3 bats
  8 hobgoblins
  8 jackals
  12 kobolds
  6 quokkas
  5 frilled lizards
  5 goblins
  4 rats (D:1)
88 creatures vanquished.

Notes
Turn   | Place    | Note
-------+----------+-------------------------------------------
     0 | D:1      | galech the Demonspawn Fighter began the quest for the Orb.
     0 | D:1      | Reached XP level 1. HP: 18/18 MP: 1/1
   354 | D:1      | Gained mutation: You sometimes gain a little power by
                  | taking damage. [demonic ancestry]
   354 | D:1      | Reached XP level 2. HP: 23/24 MP: 2/2
   448 | D:1      | Reached skill level 2 in Axes
   817 | D:2      | Gained mutation: You have sharp fingernails. [demonic
                  | ancestry]
   817 | D:2      | Reached XP level 3. HP: 26/29 MP: 3/3
  1113 | D:2      | Found a shadowy altar of Dithmenos.
  1323 | D:2      | Found a faded altar of an unknown god.
  1903 | D:3      | Gained mutation: You sometimes gain power by taking damage.
                  | [demonic ancestry]
  1903 | D:3      | Reached XP level 4. HP: 27/35 MP: 4/4
  2186 | D:3      | Noticed Natasha
  2199 | D:3      | Killed Natasha
  2199 | D:3      | Reached skill level 3 in Axes
  2250 | D:3      | Noticed Natasha
  2260 | D:3      | Killed Natasha
  2422 | D:3      | Gained mutation: You have a pair of small antennae on your
                  | head. [demonic ancestry]
  2422 | D:3      | Reached XP level 5. HP: 37/41 MP: 5/5
  2619 | D:3      | Found a runed door.
  3180 | D:4      | Found an iron altar of Okawaru.
  3181 | D:4      | Found a radiant altar of Vehumet.
  3181 | D:4      | Found a bloodstained altar of Trog.
  3185 | D:4      | Found a snail-covered altar of Cheibriados.
  3185 | D:4      | Found a shimmering blue altar of Sif Muna.
  3186 | D:4      | Found a stormy altar of Qazlal.
  3188 | D:4      | Became a worshipper of Warmaster Okawaru
  3240 | D:4      | Reached XP level 6. HP: 45/47 MP: 6/6
  3250 | D:4      | Reached skill level 4 in Axes
  3616 | D:4      | Noticed Grinder
  3618 | D:4      | Paralysed by Grinder for 2 turns
  3623 | D:4      | Paralysed by Grinder for 4 turns
  3627 | D:4      | Killed Grinder
  3820 | D:5      | Entered Level 5 of the Dungeon
  3830 | D:5      | Reached skill level 1 in Dodging
  3830 | D:5      | Gained mutation: You have very sharp fingernails. [demonic
                  | ancestry]
  3830 | D:5      | Reached XP level 7. HP: 53/53 MP: 7/7
  3970 | D:5      | Noticed a steam dragon
  3986 | D:5      | Engulfed by a steam dragon's steam
  3987 | D:5      | Reached XP level 6. HP: -6/48 MP: 6/6
  4072 | D:5      | Noticed a yak
  4078 | D:5      | Killed a steam dragon
  4078 | D:5      | Reached skill level 5 in Axes
  4083 | D:5      | Killed a yak
  4083 | D:5      | Reached * piety under Okawaru
  4083 | D:5      | Reached XP level 7. HP: 6/54 MP: 7/7
  4236 | D:5      | Quit the game

Skill      XL: |  1  2  3  4  5  6 |
---------------+-------------------+-----
Axes           | 2 3 5 |  5.5
Shields        | 3 4 |  4.6
Armour         | 3 4 |  4.2
Dodging        | 1 |  1.3
Fighting       | 4 |  4.2
Stealth        | |  0.3

Action                   |  1- 3 |  4- 6 |  7- 9 || total
-------------------------+-------+-------+-------++-------
Melee: War axe           |   159 |   170 |    33 ||   362
  Use: Scroll            |     5 |     2 |       ||     7
       Potion            |       |     1 |       ||     1
  Eat: Chunk             |     8 |    13 |     2 ||    23
Armor: Scale mail        |     6 |       |       ||     6
       Chain mail        |   109 |   122 |    33 ||   264
Dodge: Dodged            |    15 |    26 |     8 ||    49
Block: Medium shield     |    93 |    95 |    28 ||   216
